AoeStats
← carloscanon98

Arabia

510296547Analyzed
1v1 RM · 21h ago on Sep 30, 2026· 68m 6s· 2 players
Game mode
Random Map
Map size
Tiny (2 player)
Population
200
Speed
Normal
Resources
Standard
Victory
Conquest
Starting age
Dark Age
Ending age
Imperial Age
RankedLock teamsTeams togetherTeam positionsShared explorationLock speedFull tech treeHidden civsTurbo modeCheats
Victory
Defeat
🇨🇴 Vietnamese · Colombia
350
+6
🇹🇷 Saracens · Türkiye
87
-6
urladidim
13:53 Feudal Age
14:47 Double-Bit Axe
14:50 Horse Collar
16:49 Gold Mining
17:01 Stone Mining
26:30 Castle Age
28:08 Arson
28:24 Squires
28:32 Heavy Plow
28:47 Bow Saw
32:35 Imperial Age
33:08 Scale Barding Armor
33:04 Scale Mail Armor
33:16 Forging
33:08 Padded Archer Armor
33:00 Fletching
34:01 Gold Shaft Mining
35:02 Two-Man Saw
34:47 Chain Barding Armor
34:14 Pikeman
36:13 Elite Skirmisher
37:22 Chain Mail Armor
40:19 Iron Casting
40:16 Plate Mail Armor
41:33 Plate Barding Armor
47:56 Ballistics
49:01 Elite Mameluke
50:28 Hoardings
52:59 Leather Archer Armor
52:41 Bodkin Arrow
53:50 Blast Furnace
54:00 Chemistry
53:12 Masonry
52:50 Arrowslits
52:56 Guard Tower
53:18 Fortified Wall
54:33 Ring Archer Armor
55:14 Bracer
59:51 Bimaristan
carloscanon98
0:45 Loom
32:30 Feudal Age
32:56 Man-at-Arms
33:31 Horse Collar
33:59 Gold Mining
34:01 Double-Bit Axe
35:25 Wheelbarrow
35:00 Arson
36:44 Town Watch
37:39 Scale Mail Armor
37:49 Forging
38:15 Bloodlines
38:16 Scale Barding Armor
38:13 Padded Archer Armor
42:55 Castle Age
42:06 Stone Mining
43:03 Long Swordsman
43:04 Pikeman
43:45 Squires
44:05 Chain Mail Armor
44:26 Iron Casting
43:54 Husbandry
43:15 Light Cavalry
44:01 Heavy Plow
44:14 Bow Saw
45:14 Stone Shaft Mining
45:52 Heated Shot
46:12 Fortified Wall
45:58 Murder Holes
45:44 Treadmill Crane
46:15 Masonry
46:31 Ballistics
46:46 Chatras
50:36 Hand Cart
52:52 Imperial Age
50:36 Fletching
51:01 Leather Archer Armor
51:09 Elite Skirmisher
51:48 Bodkin Arrow
53:24 Two-Handed Swordsman
53:25 Halberdier
54:33 Paper Money
54:50 Hoardings
55:47 Two-Man Saw
55:20 Crop Rotation
54:40 Imperial Skirmisher
56:00 Plate Mail Armor
56:01 Ring Archer Armor
55:29 Sappers
57:05 Chemistry
55:51 Arrowslits
56:13 Siege Engineers
56:34 Bracer
56:23 Champion
57:42 Town Patrol
64:47 Elite Battle Elephant
Connection lost

Rejoining the realm…

Still unreachable

The connection could not be restored.

Session expired

The server has moved on; the page needs a fresh start.